 Dungeon Crawl Stone Soup version 0.26.1-12-g5ba1501909 (webtiles) character file.

Game seed: 18160475357397996529

198809 AarnesTheHuman the Warrior (level 17, 0/165 HPs)
             Began as a Minotaur Fighter on Dec 8, 2021.
             Was the Champion of Makhleb.
             Slain by an alligator (19 damage)
             ... on level 3 of the Swamp on Dec 9, 2021.
             The game lasted 01:41:39 (40885 turns).

AarnesTheHuman the Warrior (Minotaur Fighter)      Turns: 40885, Time: 01:41:40

Health: 0/165      AC: 29    Str: 28    XL:     17   Next: 82%
Magic:  0/25       EV:  6    Int:  8    God:    Makhleb [******]
Gold:   2808       SH: 22    Dex: 10    Spells: 16/16 levels left

rFire    . . .     SeeInvis .   a - +2 hand axe (venom)
rCold    + . .     Faith    .   n - +2 tower shield of Focus {+Fly rPois Int+3}
rNeg     . . .     Spirit   +   f - +1 plate armour of Wadghe Wuhi {rCorr} (curse)
rPois    +         Reflect  .   (helmet restricted)
rElec    .         Harm     .   B - +2 cloak
rCorr    +         Rampage  .   N - +2 pair of gloves
Will     ++...                  s - +1 pair of boots
Stlth    ..........             t - amulet of guardian spirit
HPRegen  0.37/turn              x - ring of protection from cold
MPRegen  0.19/turn              W - ring of willpower {=R}

@: lethally poisoned (0 -> -2)
A: retaliatory headbutt, horns 2
}: 1/15 runes: gossamer
a: Renounce Religion, Evoke Flight, Minor Destruction, Lesser Servant of
Makhleb, Major Destruction, Greater Servant of Makhleb


You were on level 3 of the Swamp.
You worshipped Makhleb.
Makhleb was exalted by your worship.
You visited 5 branches of the dungeon, and saw 30 of its levels.
You also visited: Gauntlet and Ice Cave.

You collected 3841 gold pieces.
You spent 1033 gold pieces at shops.

Inventory:

Hand Weapons
 a - a +2 hand axe of venom (weapon)
 b - the +7 flail "Axeosit" {flame, rPois Str+4}
   (You found it on level 2 of the Swamp)

   It has been specially enchanted to burn those struck by it, causing extra
   injury to most foes and up to half again as much damage against particularly
   susceptible opponents.
   It affects your strength (+4).
   It protects you from poison.
 i - a +0 hunting sling
 C - a +0 broad axe
 U - a +5 battleaxe of freezing
Missiles
 j - 104 sling bullets
 p - 4 throwing nets
 q - 86 poisoned darts
 y - 8 datura-tipped darts
 G - 12 boomerangs (quivered)
 P - 8 javelins
Armour
 f - the cursed +1 plate armour of Wadghe Wuhi (worn) {rCorr}
   (You bought it in a shop on level 6 of the Dungeon)

   It provides partial protection from all sources of acid and corrosion.
   It has a curse placed upon it.
 n - the +2 tower shield of Focus (worn) {+Fly rPois Int+3}
   (You took it off an orc on level 12 of the Dungeon)

   It affects your intelligence (+3).
   It protects you from poison.
   It lets you fly.
 s - a +1 pair of boots (worn)
 B - a +2 cloak (worn)
 N - a +2 pair of gloves (worn)
Jewellery
 c - an uncursed ring of poison resistance
 d - an uncursed amulet of reflection
 t - an amulet of guardian spirit (around neck)
 x - a ring of protection from cold (left hand)
 D - an uncursed ring of magical power
 E - an uncursed ring of see invisible
 W - a ring of willpower (right hand) {=R}
Wands
 v - a wand of flame (71)
 w - a wand of paralysis (10)
 J - a wand of iceblast (6)
 R - a wand of disintegration (14)
 X - a wand of digging (14)
 Y - a wand of acid (47)
Scrolls
 g - 2 scrolls of blinking
 m - 6 scrolls of teleportation
 A - 3 scrolls of magic mapping
 F - a scroll of enchant armour
 H - 10 scrolls of remove curse
 O - 7 scrolls of fear
 Q - 4 scrolls of fog
 S - 8 scrolls of identify
 T - a scroll of silence
Potions
 e - 6 potions of resistance
 h - 5 potions of cancellation
 k - 5 potions of heal wounds
 l - 4 potions of flight
 o - 8 potions of ambrosia
 r - 5 potions of brilliance
 u - 4 potions of magic
 z - 2 potions of lignification
 I - 11 potions of curing
 K - 7 potions of attraction
 L - 4 potions of haste
 M - 2 potions of berserk rage
Miscellaneous
 V - a phantom mirror


   Skills:
 + Level 18.3 Fighting
 - Level 16.2 Axes
 - Level 11.0 Throwing
 + Level 18.2 Armour
 + Level 14.0 Shields
 - Level 12.0 Invocations


You had 16 spell levels left.
You didn't know any spells.
Your spell library contained the following spells:

 Spells                   Type           Power        Failure   Level
 Apportation              Tloc           0%           100%        1
 Beastly Appendage        Tmut           0%           100%        1
 Corona                   Hex            0%           100%        1
 Foxfire                  Conj/Fire      0%           100%        1
 Magic Dart               Conj           0%           100%        1
 Shock                    Conj/Air       0%           100%        1
 Summon Small Mammal      Summ           0%           100%        1
 Blink                    Tloc           N/A          100%        2
 Call Imp                 Summ           0%           100%        2
 Ensorcelled Hibernation  Hex/Ice        0%           100%        2
 Slow                     Hex            0%           100%        2
 Swiftness                Air            0%           100%        2
 Wereblood                Tmut           0%           100%        2
 Call Canine Familiar     Summ           0%           100%        3
 Confusing Touch          Hex            0%           100%        3
 Conjure Flame            Conj/Fire      0%           100%        3
 Dazzling Flash           Conj/Hex       0%           100%        3
 Gell's Gravitas          Tloc           0%           100%        3
 Inner Flame              Hex/Fire       0%           100%        3
 Lesser Beckoning         Tloc           0%           100%        3
 Mephitic Cloud           Conj/Pois/Air  0%           100%        3
 Spider Form              Tmut/Pois      0%           100%        3
 Static Discharge         Conj/Air       0%           100%        3
 Summon Guardian Golem    Hex/Summ       0%           100%        3
 Tukima's Dance           Hex            0%           100%        3
 Airstrike                Air            0%           100%        4
 Ice Form                 Ice/Tmut       0%           100%        4
 Petrify                  Tmut/Erth      0%           100%        4
 Sticky Flame             Conj/Fire      0%           100%        4
 Summon Ice Beast         Ice/Summ       0%           100%        4
 Summon Lightning Spire   Summ/Air       0%           100%        4
 Alistair's Intoxication  Tmut/Pois      0%           100%        5
 Blade Hands              Tmut           0%           100%        5
 Fireball                 Conj/Fire      0%           100%        5
 Lightning Bolt           Conj/Air       0%           100%        5
 Metabolic Englaciation   Hex/Ice        0%           100%        5
 Summon Demon             Summ           0%           100%        5
 Yara's Violent Unravell  Hex/Tmut       0%           100%        5
 Freezing Cloud           Conj/Ice/Air   0%           100%        6
 Invisibility             Hex            0%           100%        6
 Ozocubu's Refrigeration  Ice            0%           100%        6
 Simulacrum               Ice/Necr       0%           100%        6
 Malign Gateway           Summ/Tloc      0%           100%        7
 Ignition                 Fire           0%           100%        8
 Shatter                  Erth           0%           100%        9
 Tornado                  Air            0%           100%        9


Dungeon Overview and Level Annotations

Branches:
Dungeon (15/15)            Temple (0/1) D:4            Lair (6/6) D:8
  Swamp (3/4) Lair:3       Spider (4/4) Lair:3        Slime (0/5) Lair:5
    Orc (2/2) D:12            Elf (0/3) Orc:2        Vaults (0/5) D:14
 Depths (0/5) D:15          IceCv (visited)         Gauntlet (visited)

Altars:
Cheibriados
Fedhas
Gozag
Makhleb
Ru
Sif Muna
Trog
Vehumet
Yredelemnul
Zin
The Shining One

Shops:
D:4 }   D:5 :   D:6 [   D:12 (:   D:13 [   Orc:2 *(!:

Annotations:
Lair:4 exclusion: oklob plant
Swamp:1 2 transporters, KamiKatze's ghost, journeyman FeCj; Roxanne
Orc:1 exclusion: downstairs


Innate Abilities, Weirdness & Mutations

You reflexively headbutt those who attack you in melee.
You have a pair of horns on your head.


Message History

Unknown command.
Unknown command.
Unknown command.
You feel sick.
The ghost crab breathes spectral mist at you.
The spectral mist engulfs the spectral eleionoma but does no damage.
The alligator is engulfed in spectral mist.
The bunyip is engulfed in spectral mist.
The alligator bites you!!
* * * LOW HITPOINT WARNING * * *
You block the alligator's attack.
Blink to where?
Press: ? - help, Dir - move target
As you read the scroll of blinking, it crumbles to dust.
You feel sick.
You feel sick.
You feel sick.
There is a stone staircase leading up, spattered with blood here.
You feel sick. The alligator bites you!!
You die...

♣♣.♣.≈≈..
♣♣♣♣..≈.≈≈≈.
♣♣♣≈≈≈.....≈≈.
♣.≈≈<.≈§.≈≈≈..
♣.≈≈≈≈≈≈≈≈≈≈.
♣≈≈≈....≈.≈
♣♣♣≈...≈♣
♣♣≈≈♣≈t@♣
♣♣≈≈≈..♣♣♣
♣♣.≈≈≈≈♣♣
♣♣♣.≈≈≈.≈♣♣
♣..≈≈≈≈†.≈♣
♣≈≈.≈≈≈≈†[♣♣
♣♣♣≈.≈..≈.♣
♣♣≈♣♣.t♣♣ ..
♣♣(§≈x≈♣ t..


You could see an alligator (strong, swift, poisoned).

Vanquished Creatures
  Jorgrun (D:12)
  Rupert (D:15)
  Frances (Lair:3)
  Donald (Spider:2)
  Kirke (Lair:6)
  A fenstrider witch (Swamp:3)
  2 fire giants (D:13)
  4 ghost moths
  4 emperor scorpions
  An entropy weaver (Spider:2)
  A bunyip (Swamp:2)
  2 eleionomae (Swamp:1)
  A fire dragon (D:13)
  Snorg (Orc:1)
  A shambling mangrove (Swamp:2)
  A yaktaur captain (D:13)
  A vault guard (D:14)
  17 hydras
  2 catoblepae
  Erica (Lair:1)
  A centaur warrior (D:14)
  A ghost crab (Swamp:1)
  11 alligators
  22 two-headed ogres
  6 ogre magi
  A tengu warrior (D:14)
  20 death yaks
  3 goliath frogs
  2 swamp dragons
  2 bog bodies
  A spriggan druid (Swamp:2)
  2 deep trolls (Orc:1)
  A swamp dragon (shapeshifter) (D:13)
  A wizard (D:15)
  An orc knight (D:15)
  2 manticores
  2 deep elf magi
  9 orb spiders
  27 wolf spiders
  6 cyclopes
  A moth of wrath (shapeshifter) (D:15)
  15 ugly things
  A will-o-the-wisp (Swamp:2)
  A moth of wrath (Spider:4)
  Joseph (D:7)
  An ice statue (D:12)
  7 black mambas
  4 elephants (Lair:3)
  A torpor snail (Lair:3)
  3 naga magi (D:15)
  9 demonic crawlers
  4 rime drakes
  23 cane toads
  3 kobold demonologists
  9 komodo dragons
  An ice devil (Lair:1)
  3 efreet
  A queen bee (shapeshifter) (D:13)
  17 jumping spiders
  10 trolls
  17 polar bears (IceCv)
  Grinder (D:4)
  Prince Ribbit (Lair:3)
  8 tyrant leeches
  7 hornets
  35 blink frogs
  4 dream sheep (Lair:5)
  3 shadows
  A centaur simulacrum (D:12)
  50 redbacks
  2 spriggans
  A fire elemental (Lair:2)
  16 tarantellas
  A wraith (D:8)
  2 fire bats (Lair:2)
  13 wyverns
  6 basilisks
  38 yaks
  3 hogs (Lair:6)
  24 vampire mosquitoes
  2 wargs (D:8)
  5 swamp worms
  An acid dragon (D:15)
  A swamp drake (Swamp:1)
  16 water moccasins
  10 orc warriors
  A black bear (D:15)
  An ice beast (D:8)
  A necrophage (D:10)
  22 centaurs
  3 eyes of draining
  30 wolves
  38 ogres
  6 big kobolds
  27 bullfrogs
  5 scorpions
  3 killer bees (D:9)
  A water moccasin skeleton (D:10)
  14 wights
  7 howler monkeys
  An electric eel (D:15)
  A bullfrog zombie (D:7)
  2 quasits
  A crimson imp (D:3)
  6 orc priests
  3 hounds
  7 jellies
  A bullfrog skeleton (D:11)
  7 centaur skeletons
  18 orc wizards
  4 iguanas
  4 worker ants
  The ghost of Sensen the Sneak, a weakling DrDe (D:4)
  2 hound zombies (D:7)
  3 hound skeletons
  A howler monkey zombie (D:5)
  4 gnolls (D:2)
  16 adders
  8 river rats (D:6)
  A shadow imp (D:6)
  2 white imps
  3 ufetubi
  3 oozes (Lair:5)
  2 adder skeletons
  An adder zombie (D:8)
  4 worms
  2 dart slugs (D:1)
  8 leopard geckos
  62 orcs
  2 ball pythons
  11 bats
  6 giant cockroaches
  8 goblins
  12 hobgoblins
  9 jackals
  7 quokkas
  4 frilled lizards
  10 kobolds
  A leopard gecko zombie (D:6)
  A quokka zombie (D:8)
  30 rats
  A bush (Lair:6)
988 creatures vanquished.

Vanquished Creatures (collateral kills)
  A frost giant (IceCv)
  An ice statue (IceCv)
  An ice devil (Lair:1)
  3 yaks (IceCv)
6 creatures vanquished.

Vanquished Creatures (others)
  A fenstrider witch (Swamp:3)
  A spriggan druid (Swamp:3)
  A human (Lair:5)
  A wight (D:15)
  3 bushes (Lair:6)
  4 foxfires (Swamp:2)
  43 fungi
  106 plants
160 creatures vanquished.

Grand Total: 1154 creatures vanquished

Notes
Turn   | Place    | Note
-------+----------+-------------------------------------------
     0 | D:1      | AarnesTheHuman the Minotaur Fighter began the quest for the
                  | Orb.
     0 | D:1      | Reached XP level 1. HP: 19/19 MP: 0/0
   168 | D:1      | Reached XP level 2. HP: 18/27 MP: 1/1
   502 | D:1      | Reached XP level 3. HP: 29/33 MP: 2/2
  1341 | D:2      | Reached XP level 4. HP: 33/40 MP: 3/3
  1848 | D:2      | Reached XP level 5. HP: 38/47 MP: 4/4
  2161 | D:2      | Found a glowing silver altar of Zin.
  2268 | D:3      | Found a burning altar of Makhleb.
  2456 | D:3      | Reached skill level 5 in Armour
  2629 | D:3      | Reached skill level 5 in Fighting
  2719 | D:3      | Reached skill level 5 in Shields
  3348 | D:3      | Became a worshipper of Makhleb the Destroyer
  3447 | D:4      | Reached XP level 6. HP: 53/56 MP: 5/5
  3457 | D:4      | Found Norofis's Gadget Emporium.
  3458 | D:4      | Noticed Grinder
  3663 | D:4      | Paralysed by Grinder for 7 turns
  3682 | D:4      | Killed Grinder
  3683 | D:4      | Reached skill level 1 in Invocations
  3775 | D:4      | Reached XP level 7. HP: 61/61 MP: 7/7
  3859 | D:4      | Found a large runed translucent door.
  3859 | D:4      | Found a large runed translucent door.
  3860 | D:4      | Noticed Sensen's ghost (weakling DrDe)
  3869 | D:4      | Killed Sensen's ghost
  3963 | D:4      | Found a staircase to the Ecumenical Temple.
  4612 | D:5      | Entered Level 5 of the Dungeon
  4679 | D:4      | Reached skill level 5 in Axes
  5339 | D:5      | Reached XP level 8. HP: 67/71 MP: 9/9
  5439 | D:5      | Found Qiuh Cump's Book Shop.
  5923 | D:6      | Found Vemyr's Antique Armour Boutique.
  6039 | D:6      | Found an opulent altar of Gozag.
  6039 | D:6      | Found a glowing golden altar of the Shining One.
  6055 | D:6      | Found a bloodstained altar of Trog.
  6058 | D:6      | Found a basalt altar of Yredelemnul.
  6152 | D:6      | Found an opulent altar of Gozag.
  6174 | D:6      | Reached * piety under Makhleb
  6442 | D:6      | Reached ** piety under Makhleb
  7453 | D:7      | Found a blossoming altar of Fedhas.
  7787 | D:7      | Reached XP level 9. HP: 76/79 MP: 11/11
  8029 | D:7      | Noticed Joseph
  8254 | D:7      | Killed Joseph
  8394 | D:7      | Found a faded altar of an unknown god.
  8394 | D:7      | Found a shimmering blue altar of Sif Muna.
  8404 | D:7      | Found a radiant altar of Vehumet.
  8406 | D:7      | Found a sacrificial altar of Ru.
  8408 | D:7      | Found a faded altar of an unknown god.
  8569 | D:7      | Reached *** piety under Makhleb
  8997 | D:7      | Reached skill level 5 in Invocations
  9444 | D:8      | Noticed a two-headed ogre
  9467 | D:8      | Killed a two-headed ogre
  9696 | D:8      | Reached XP level 10. HP: 84/90 MP: 13/13
  9838 | D:8      | Found a staircase to the Lair.
 10338 | D:9      | Reached **** piety under Makhleb
 10497 | D:9      | Noticed a two-headed ogre
 10518 | D:9      | Killed a two-headed ogre
 11155 | D:9      | Noticed a two-headed ogre
 11168 | D:9      | Killed a two-headed ogre
 11384 | D:10     | Entered Level 10 of the Dungeon
 11647 | D:10     | Noticed a two-headed ogre
 11661 | D:10     | Killed a two-headed ogre
 11662 | D:10     | Reached skill level 10 in Fighting
 11662 | D:10     | Reached skill level 10 in Armour
 11662 | D:10     | Reached XP level 11. HP: 47/99 MP: 8/15
 11948 | D:10     | Reached skill level 10 in Shields
 12690 | D:11     | Noticed a purple ugly thing
 12709 | D:11     | Killed a purple ugly thing
 13004 | D:11     | Reached ***** piety under Makhleb
 13152 | D:11     | Noticed a two-headed ogre
 13179 | D:11     | Killed a two-headed ogre
 13180 | D:11     | Reached skill level 10 in Axes
 13183 | D:11     | Found a sacrificial altar of Ru.
 13569 | Lair:1   | Entered Level 1 of the Lair of Beasts
 13660 | Lair:1   | Found a frozen archway.
 13689 | IceCv    | Entered an ice cave
 16255 | IceCv    | Reached XP level 12. HP: 80/110 MP: 17/17
 16377 | IceCv    | Noticed a death yak
 16404 | IceCv    | Killed a death yak
 16558 | IceCv    | Noticed a death yak
 16558 | IceCv    | Noticed a frost giant
 16572 | IceCv    | Killed a death yak
 16583 | IceCv    | Killed a frost giant
 17625 | Lair:1   | Noticed Erica
 17636 | Lair:1   | Killed Erica
 18387 | Lair:2   | Reached skill level 1 in Throwing
 19136 | Lair:2   | Noticed a six-headed hydra
 19144 | Lair:2   | Killed a two-headed hydra
 19565 | Lair:3   | Reached XP level 13. HP: 87/119 MP: 12/18
 19588 | Lair:3   | Found a gate leading to a gauntlet.
 19628 | Gauntlet | Entered a Gauntlet
 19628 | Gauntlet | Found a transporter.
 19714 | Gauntlet | Found a transporter.
 19716 | Gauntlet | Found a transporter.
 19717 | Gauntlet | Found a transporter.
 19725 | Gauntlet | Found a transporter.
 19728 | Gauntlet | Found a transporter.
 19729 | Gauntlet | Found a transporter.
 19733 | Gauntlet | Noticed a balrug
 19737 | Gauntlet | Found a transporter.
 19740 | Gauntlet | Found a transporter.
 19741 | Gauntlet | Found a transporter.
 19752 | Gauntlet | Found a transporter.
 19753 | Gauntlet | Found a transporter.
 19754 | Gauntlet | Found a transporter.
 19761 | Gauntlet | Found a transporter.
 20009 | Lair:3   | Found a staircase to the Swamp.
 20183 | Lair:3   | Noticed Prince Ribbit
 20188 | Lair:3   | Killed Prince Ribbit
 20516 | Lair:3   | Found a hole to the Spider Nest.
 22578 | Lair:5   | Found a staircase to the Slime Pits.
 22704 | Lair:5   | You fall into a shaft and drop 1 floor!
 22704 | Lair:6   | Entered Level 6 of the Lair of Beasts
 22711 | Lair:6   | Reached ****** piety under Makhleb
 22712 | Lair:6   | Reached skill level 5 in Throwing
 22853 | Lair:6   | HP: 6/122 [black mamba (1)]
 23290 | Lair:6   | Reached XP level 14. HP: 109/129 MP: 17/20
 23322 | Lair:6   | HP: 3/129 [death yak (10)]
 23764 | Lair:6   | Reached skill level 10 in Invocations
 24375 | Lair:6   | Noticed Kirke
 24390 | Lair:6   | Killed Kirke
 25228 | Lair:6   | Identified the Reference Book on the Torrid Entourage
 26140 | Lair:5   | Reached skill level 15 in Fighting
 26143 | Lair:5   | Reached skill level 15 in Armour
 26205 | Lair:5   | Reached skill level 15 in Axes
 26764 | D:11     | Reached XP level 15. HP: 133/141 MP: 17/21
 26876 | D:12     | Noticed Jorgrun
 26898 | D:12     | Killed Jorgrun
 26916 | D:12     | Identified the +2 tower shield of Focus {+Fly rPois Int+3}
 26921 | D:12     | Found a staircase to the Orcish Mines.
 27048 | D:12     | Found Iplujery's Weapon Emporium.
 27342 | D:12     | Found Wiaten's Book Boutique.
 27765 | D:13     | Found Gasoirim's Armour Shop.
 28261 | D:13     | Noticed a fire giant
 28267 | D:13     | Killed a fire giant
 28706 | D:13     | Noticed a fire giant
 28711 | D:13     | Killed a fire giant
 29384 | D:14     | You fall into a shaft and drop 1 floor!
 29384 | D:15     | Entered Level 15 of the Dungeon
 29673 | D:15     | Found a snail-covered altar of Cheibriados.
 29675 | D:15     | Noticed Rupert
 29685 | D:15     | Killed Rupert
 30043 | D:15     | Reached XP level 16. HP: 152/152 MP: 22/22
 30061 | D:15     | Found a staircase to the Depths.
 31122 | D:14     | Found a gate to the Vaults.
 31177 | Orc:1    | Entered Level 1 of the Orcish Mines
 31181 | Orc:1    | Noticed Snorg
 31194 | Orc:1    | Killed Snorg
 31358 | Orc:2    | Entered Level 2 of the Orcish Mines
 31544 | D:6      | Bought a pitted plate armour for 700 gold pieces
 31544 | D:6      | Identified the cursed +1 plate armour of Wadghe Wuhi
                  | {rCorr} (You bought it in a shop on level 6 of the Dungeon)
 32465 | Orc:2    | Found Waypt's Distillery.
 32473 | Orc:2    | Found Ciafi's Book Boutique.
 32476 | Orc:2    | Found Wouclyhe's General Store.
 32485 | Orc:2    | Found Nur Jiv's Weapon Shop.
 32504 | Orc:2    | Found a staircase to the Elven Halls.
 33226 | Orc:2    | Bought a +0 broad axe for 68 gold pieces
 33226 | Orc:2    | Bought a +2 hand axe of venom for 265 gold pieces
 33430 | Spider:1 | Entered Level 1 of the Spider Nest
 34512 | Spider:2 | Noticed Donald
 34535 | Spider:2 | Killed Donald
 34928 | Spider:2 | Reached skill level 10 in Throwing
 35526 | Spider:4 | Entered Level 4 of the Spider Nest
 36144 | Swamp:1  | Entered Level 1 of the Swamp
 36144 | Swamp:1  | Found a transporter.
 36268 | Swamp:1  | Noticed KamiKatze's ghost (journeyman FeCj)
 36276 | Swamp:1  | Found a transporter.
 36370 | Swamp:1  | Reached XP level 17. HP: 162/162 MP: 24/24
 36652 | Swamp:1  | Noticed Frances
 36700 | Lair:3   | Killed Frances
 37367 | Swamp:1  | Identified Roxanne's Papyrus of Earth
 37367 | Swamp:1  | Noticed Roxanne
 37618 | Swamp:2  | Got a crystal flail
 37619 | Swamp:2  | Identified the +7 flail "Axeosit" {flame, rPois Str+4} (You
                  | found it on level 2 of the Swamp)
 40387 | Spider:4 | Got a gossamer rune of Zot
 40885 | Swamp:3  | Slain by an alligator

Illustrated notes

Levels and vault maps discovered:
D:1:      tarquinn_simple_flora_water_e, layout_basic,
          minmay_stone_trees_medium, minmay_cupped
D:2:      layout_rooms, zin_treasury, serial_forest,
          infiniplex_forest_lined_room_, infiniplex_forest_corner_1,
          infiniplex_forest_zigzag_2, infiniplex_forest_end_2,
          infiniplex_forest_straight_2, infiniplex_forest_straight_4,
          infiniplex_forest_lined_1
D:3:      layout_basic, makhleb_grotto_becter
D:4:      layout_basic, temple_statues, ebering_ghost_disaster_area,
          serial_shops, shop, dk_vineyard_2, uniq_grinder
D:5:      layout_loops_ring, serial_shops, shop
D:6:      lemuel_ratsnest, layout_loops_corners,
          grunt_temple_overflow_cloverleaf, serial_shops, shop,
          grunt_gozag_statues
D:7:      layout_cave_pods, lemuel_crystal_altar,
          chequers_temple_overflow_minitemple, grunt_decor_arrowhead,
          uniq_joseph
D:8:      layout_loops_cross, erik_lair_orcish_takeover,
          minmay_misc_feat_nine_boxes
D:9:      layout_loops_ring, chequers_decorated_corner
D:10:     layout_roguey
D:11:     layout_basic, serial_corexii_hall, chequers_hall_statues_corner_a,
          corexii_hall_statues_x, corexii_hall_statues_x,
          corexii_hall_statues_deadend, chequers_hall_statues_wall_a,
          corexii_hall_statues_t, nicolae_ru_the_path_less_chosen
D:12:     layout_rooms, orc_david_3, serial_shops, shop, minmay_statue_bubble,
          uniq_jorgrun
D:13:     minmay_octo_star, layout_cave_pools, serial_shops,
          nicolae_shop_statue_plus
D:14:     layout_cave_pools, david_vaults_5, bh_walls_and_bars
D:15:     grunt_enter_depths_magical_seal, layout_small_grid, basic_altar,
          minivault_4, uniq_rupert
Lair:1:   layout_roguey, portal_ice_cave_demonic_guard, serial_bayou_shore_a,
          grunt_megastairs_2, uniq_erica
Lair:2:   layout_gridlike
Lair:3:   layout_cellular_growth, minmay_swamp_entry_swarm,
          spider_nest_entry_web_field, gauntlet_entry_generic,
          minmay_hedge_maze, uniq_prince_ribbit2
Lair:4:   layout_cave_shapes
Lair:5:   slaughterhouse, layout_hall_layers, nicolae_slime_entry_slimehenge
Lair:6:   minmay_lair_end_frog_pond, layout_small_grid,
          grunt_forest_large_clearing_hut, uniq_kirke
Swamp:1:  layout_basic_swamp, gammafunk_ghost_arena, wheals_swamp_sinkhole,
          uniq_frances, uniq_roxanne
Swamp:2:  layout_basic_swamp, evilmike_swamp_ruin_rubble_2, swamp_pool3
Swamp:3:  layout_basic_swamp, nicolae_swamp_little_tower,
          infiniplex_staircase_pool
Spider:1: layout_spider_delve, drop_trap
Spider:2: layout_spider_delve, hangedman_spider_tarantella_strand, uniq_donald
Spider:3: layout_spider_delve, nicolae_spider_circle_web
Spider:4: grunt_spider_rune_parallel
Orc:1:    layout_caves, uniq_snorg
Orc:2:    st_orc_open, layout_caves

Skill      XL: |  1  2  3  4  5  6  7  8  9 10 11 12 13 14 15 16 17 |
---------------+----------------------------------------------------+-----
Armour         | 4 5 6 7 8 10 11 12 13 15 16 17 18 | 18.2
Fighting       | 4 5 6 7 8 10 11 12 13 15 16 17 18 | 18.3
Shields        | 4 5 6 7 8 9 11 12 14 | 14.0
Axes           | 3 4 5 6 8 9 11 12 13 15 16 | 16.2
Invocations    | 1 2 4 5 7 8 9 10 11 12 | 12.0
Throwing       | 2 5 6 8 10 11 | 11.0

Action                   |  1- 3 |  4- 6 |  7- 9 | 10-12 | 13-15 | 16-18 || total
-------------------------+-------+-------+-------+-------+-------+-------++-------
Melee: War axe           |   104 |   136 |   284 |       |       |       ||   524
       Headbutt          |    15 |    18 |    79 |   246 |   198 |   294 ||   850
       Hand axe          |       |       |   107 |   937 |       |   952 ||  1996
       Battleaxe         |       |       |       |   108 |   953 |   127 ||  1188
       Scimitar          |       |       |       |     5 |    37 |       ||    42
       Flail             |       |       |       |       |       |    20 ||    20
 Fire: Hunting sling     |       |     2 |       |    56 |    12 |       ||    70
Throw: Dart              |       |     3 |    27 |    24 |    11 |     9 ||    74
       Throwing net      |       |     3 |       |       |       |       ||     3
       Boomerang         |       |       |       |     3 |     7 |   117 ||   127
       Javelin           |       |       |       |     1 |     1 |     6 ||     8
Invok: Minor Destruction |       |       |       |     4 |       |       ||     4
       Lesser Servant of |       |       |       |     3 |     3 |     5 ||    11
Evoke: Wand              |       |       |     1 |    13 |     2 |       ||    16
       Phantom mirror    |       |       |       |     1 |       |       ||     1
  Use: Scroll            |       |     4 |    10 |    12 |     9 |     5 ||    40
       Potion            |       |       |     1 |     6 |     3 |     1 ||    11
 Stab: Distracted        |       |       |       |     2 |       |     1 ||     3
       Held in net/web   |       |       |       |       |       |     1 ||     1
Armor: Scale mail        |    48 |    54 |    24 |       |       |       ||   126
       Plate armour      |       |       |   138 |   466 |   847 |   795 ||  2246
Dodge: Dodged            |    20 |    33 |    71 |   203 |   416 |   282 ||  1025
Block: Kite shield       |    54 |    70 |   204 |   468 |       |       ||   796
       Other             |       |       |       |       |    39 |    17 ||    56
       Reflection        |       |       |       |       |     1 |       ||     1
       Tower shield      |       |       |       |       |       |  1082 ||  1082
       Rpst.: Scimitar   |       |       |       |       |    11 |       ||    11
